Match 21568663
Unlisted

Match 21568663
End
Vickers Machine Gun Team
Construct Section Command Post
Vickers Machine Gun Team
ML 3-inch Mortar Team
Infantry Section
Construct Platoon Command Post
Construct Field Infirmary
Unlock M3 Stuart Light Tanks
Selects Air and Sea Battlegroup
Selects Commando Section Paradrop
Commando Section Paradrop
Commando Section Paradrop
M3 Stuart Light Tank
Commando Section Paradrop
Selects M1 Pack Howitzer Paradrop
Commando Section Paradrop
Construct Company Command Post
Selects Anti-tank Rocket Loiter
Anti-tank Rocket Loiter
Commando Section Paradrop
Matilda II Heavy Tank
M1 Pack Howitzer Paradrop
mkiller52
Liquid_mt
Rocket
皮皮
IIIIIIIIIIIIIIII
想个名字真难
【嗜血狼族】灵狐魅儿
pppp2200
0
0

Comments sign in to comment!

No comments posted yet!